 Dungeon Crawl Stone Soup version 0.31-a0-1074-g0b22e4e0f1 (webtiles) character file.

Game seed: 9196607053082545969

2290 lunkers the Grappler (level 9, -1/96 HPs)
             Began as a Meteoran Shapeshifter on Nov 28, 2023.
             Was an Initiate of Gozag.
             Killed from afar by a larval stingshock beast (10 damage)
             ... with a living lightning
             ... on level 7 of the Dungeon.
             The game lasted 00:10:02 (2768 turns).

lunkers the Grappler (Meteoran Shapeshifter)        Turns: 2768, Time: 00:10:02

Health: -1/96      AC: 24    Str: 17    XL:     9   Next: 99%
Magic:  10/10      EV:  2    Int: 13    God:    Gozag
Gold:   262        SH:  0    Dex: 16    Spells: 8/8 levels left

rFire   + .          .
                       - Unarmed
rCold   . . .        (no shield)
rNeg    . . .        g - melded +1 scale mail
rPois   +            (helmet currently unavailable)
rElec   .            (cloak currently unavailable)
rCorr   .            (gloves currently unavailable)
SInv    .            (boots currently unavailable)
Will    +....        (no amulet)
Stlth   +            b - ring of protection from fire
HPRegen 0.36/turn    (no ring)
MPRegen 0.12/turn

%: no passive effects
@: lethally poisoned (-1 -> -10), tree-form, gold aura, glowing
A: stationary, stasis, torment immunity, boosted hp, sense surroundings 2,
otherworldly, glowing, explore regen
a: Renounce Religion, Potion Petition, Call Merchant, Bribe Branch


You were on level 7 of the Dungeon.
You worshipped Gozag.
Gozag was aware of your devotion.
You were a tree.
You visited 2 branches of the dungeon, and saw 9 of its levels.

You collected 331 gold pieces.
You paid 69 gold pieces to Gozag.

Inventory:

Missiles
 q - 6 curare-tipped darts
Armour
 a - a +0 animal skin
 e - a +0 helmet
 g - a +1 scale mail (melded)
Jewellery
 b - a ring of protection from fire (left branch)
Talismans
 c - a beast talisman
 d - a flux talisman
Wands
 f - a wand of acid (8)
 k - a wand of charming (5)
 v - a wand of flame (17)
 x - a wand of mindburst (7)
Scrolls
 m - a scroll of revelation
 n - 2 scrolls of teleportation
 o - 2 scrolls of enchant armour
 p - a scroll of enchant weapon
Potions
 h - 5 potions of heal wounds
 l - a potion of ambrosia
 r - 2 potions of attraction
 t - 3 potions of cancellation
 w - a potion of curing


   Skills:
 - Level 1.1 Fighting
 - Level 2.1 Dodging
 * Level 12.3 Unarmed Combat
 + Level 8.6 Shapeshifting


You had 8 spell levels left.
You didn't know any spells.
Your spell library contained the following spells:

 Spells                   Type           Power      Damage    Failure   Level
 Stone Arrow              Conj/Erth      0%         3d7       67%         3
 Animate Armour           Summ/Erth      0%         N/A       97%         4
 Brom's Barrelling Bould  Conj/Erth      0%         2d3       97%         4
 Fireball                 Conj/Fire      0%         3d3       100%        5
 Iskenderun's Battlesphe  Conj           0%         2d6       100%        5
 Conjure Ball Lightning   Conj/Air       0%         3x3d6     100%        6
 Orb of Destruction       Conj           0%         9d5       100%        7
 Lehudib's Crystal Spear  Conj/Erth      0%         10d2      100%        8


Dungeon Overview and Level Annotations

Branches:
Dungeon (8/15) Zot: 2087   Temple (1/1) D:6 Zot: 587
   Lair: D:8-11

Altars:
Ashenzari
Cheibriados
Dithmenos
Fedhas
Gozag
Hepliaklqana
Makhleb
Nemelex Xobeh
Okawaru
Qazlal
Ru
Uskayaw
Vehumet
Wu Jian
Xom
Yredelemnul
Zin

Shops:
D:2 :*


Innate Abilities, Weirdness & Mutations

You are a tree.
Your roots penetrate the ground, keeping you stationary.
You cannot be teleported.
You are immune to unholy pain and torment.
Your maximum health is greatly increased.
Your equipment is partially melded.
You passively map the area around you.
You are easily found by Zot.
You glow in the dark.
You regain HP and MP as you explore.


Message History

The juvenile stingfire beast's mind is blasted!
You feel very sick.
You hear a faint skittering sound.
The juvenile stingfire beast stings you but does no damage.
Unknown command.
Aiming: Mindburst
Press: ? - help, Shift-Dir - straight line, f/p - juvenile stingfire beast
Aim: a juvenile stingfire beast (severely wounded, chance to affect: 50%)
The juvenile stingfire beast resists with some effort.
You feel very sick.
The juvenile stingfire beast stings you but does no damage.
Unknown command.
Aiming: Corrosive Bolt
Press: ? - help, Shift-Dir - straight line, p - juvenile stingfire beast The bolt of acid hits the juvenile stingfire beast!
The acid corrodes the juvenile stingfire beast!
The juvenile stingfire beast is almost dead.
The bolt of acid hits the larval stingshock beast.
The acid corrodes the larval stingshock beast!
The larval stingshock beast is moderately wounded.
You feel very sick.
The juvenile stingfire beast breathes flames at you.
The blast of flame hits you! You resist.
* * * LOW HITPOINT WARNING * * *
Unknown command.
Unknown command.
Unknown command.
Aiming: Corrosive Bolt
Press: ? - help, Shift-Dir - straight line The bolt of acid hits the juvenile stingfire beast!
You kill the juvenile stingfire beast!
The bolt of acid hits the larval stingshock beast!
The larval stingshock beast seems to be corroded for longer.
You kill the larval stingshock beast!
* * * LOW HITPOINT WARNING * * *
You feel very sick.
The larval stingshock beast bursts into living lightning!
The living lightning hits you!
You die...
Your body crumbles into a pile of gold.

#####......#........
###......##....#..
#.##.....##....##.
###.#.....##......##
#........###........
##...<.....#........
##...#.##..........
#...###*...###....
#♣#.#**,*...*##...
#$###,,,,,#.**#...
#$#**,,,,,,*,,##..
#$H,,,,,,,,,,,*#..
#...,,,,,,,,,,..#.
##...,,,,,,,,.....
*,....,,,,,,,..##.
*,....H,,,,,,,**#.
**......,,,,,,* #*


You could see a larval stingshock beast.

Vanquished Creatures
  A two-headed ogre (D:7)
  2 slime creatures (D:7)
  Eustachio (D:4)
  A sky beast (D:7)
  A black bear (D:7)
  A phantom (D:4)
  2 bullfrogs (D:7)
  5 scorpions
  2 hounds (D:5)
  2 orc priests (D:8)
  2 jellies
  2 sleepcaps (D:7)
  2 iguanas
  3 orc wizards
  A hell rat (D:7)
  4 mutant beasts (D:7)
  3 gnolls (D:4)
  5 adders
  A white imp (D:6)
  2 worms (D:2)
  A dart slug (D:1)
  9 orcs
  8 endoplasms
  4 giant cockroaches
  3 goblins
  6 hobgoblins
  3 jackals (D:4)
  3 quokkas
  10 ball pythons
  2 kobolds
  6 rats
98 creatures vanquished.

Notes
Turn   | Place    | Note
-------+----------+-------------------------------------------
     0 | D:1      | lunkers the Meteoran Shapeshifter began the quest for the
                  | Orb.
     0 | D:1      | Reached XP level 1. HP: 16/16 MP: 2/2
    58 | D:1      | Reached XP level 2. HP: 18/23 MP: 3/3
    60 | D:1      | Reached skill level 4 in Unarmed Combat
   200 | D:2      | Reached XP level 3. HP: 25/28 MP: 4/4
   221 | D:2      | Found Hiawacof's Assorted Antiques.
   306 | D:2      | Found a faded altar of an unknown god.
   316 | D:2      | Reached XP level 4. HP: 19/35 MP: 5/5
   334 | D:2      | Found Tomeud's Book Shoppe.
   458 | D:3      | Reached skill level 5 in Unarmed Combat
   551 | D:3      | Reached XP level 5. HP: 27/40 MP: 6/6
   680 | D:4      | Reached skill level 6 in Unarmed Combat
   680 | D:4      | Reached XP level 6. HP: 39/47 MP: 7/7
   771 | D:4      | Reached skill level 5 in Shapeshifting
   797 | D:4      | Noticed Eustachio
   803 | D:4      | Killed Eustachio
   804 | D:4      | Reached skill level 7 in Unarmed Combat
   804 | D:4      | Reached XP level 7. HP: 52/52 MP: 8/8
   975 | D:4      | Found a broken altar of Ashenzari.
   981 | D:4      | Found an ornate altar of the Wu Jian Council.
   986 | D:4      | Found a stormy altar of Qazlal.
  1246 | D:5      | Entered Level 5 of the Dungeon
  1291 | D:5      | Reached skill level 8 in Unarmed Combat
  1389 | D:5      | Reached XP level 8. HP: 54/59 MP: 9/9
  1483 | D:5      | Found a hide-covered altar of Uskayaw.
  1605 | D:6      | Reached skill level 9 in Unarmed Combat
  1657 | D:6      | Found a staircase to the Ecumenical Temple.
  1696 | Temple   | Entered the Ecumenical Temple
  1701 | Temple   | Became a worshipper of Gozag Ym Sagoz the Greedy
  1919 | D:6      | Found a burning altar of Makhleb.
  2343 | D:7      | Reached skill level 10 in Unarmed Combat
  2456 | D:8      | Noticed a slime creature
  2461 | D:8      | Gained mutation: You passively map the area around you.
                  | [Meteoran growth]
  2461 | D:8      | Reached XP level 9. HP: 62/64 MP: 10/10
  2468 | D:8      | Noticed a slime creature
  2472 | D:8      | Noticed a slime creature
  2474 | D:8      | Noticed a slime creature
  2474 | D:8      | Noticed a slime creature
  2475 | D:8      | Noticed a slime creature
  2478 | D:7      | Killed a slime creature
  2524 | D:7      | Killed a slime creature
  2525 | D:7      | Reached skill level 11 in Unarmed Combat
  2726 | D:7      | Noticed a two-headed ogre
  2732 | D:7      | Noticed a juvenile stingfire beast
  2737 | D:7      | Killed a two-headed ogre
  2738 | D:7      | Reached skill level 12 in Unarmed Combat
  2768 | D:7      | Killed a juvenile stingfire beast
  2768 | D:7      | Killed from afar by a larval stingshock beast

Illustrated notes

Levels and vault maps discovered:
D:1:      dpeg_arrival_solitude, layout_basic
D:2:      layout_rooms, serial_shops, nicolae_shop_window_shopping,
          nicolae_shop_stone, shop, shop, hellmonk_ecumenical_altar_lost_god
D:3:      layout_rooms
D:4:      layout_basic, gammafunk_temple_overflow_forgotten, uniq_eustachio
D:5:      layout_basic, eat_drink_and_be_merry_uskayaw, trog_book
D:6:      layout_loops_cross, lemuel_coloured_pillars_altar,
          minmay_temple_entry_wispy
D:7:      layout_cave_pools, nicolae_beast_mode
D:8:      layout_cave_pools, dpeg_lair_monsters, nicolae_two_hexagons
Temple:   nicolae_temple_ecumenical_triangle

Skill      XL: |  1  2  3  4  5  6  7  8  9 |
---------------+----------------------------+-----
Unarmed Combat | 4 5 6 7 8 10 12 | 12.3
Shapeshifting  | 4 5 6 7 8 |  8.6
Fighting       | |  1.1
Dodging        | |  2.1

Action                     |  1- 3 |  4- 6 |  7- 9 || total
---------------------------+-------+-------+-------++-------
  Melee: Unarmed           |    56 |    89 |   158 ||   303
         Punch             |     3 |     3 |     8 ||    14
  Evoke: Wand              |       |       |     9 ||     9
    Use: Potion            |       |     1 |     1 ||     2
         Scroll            |       |       |    13 ||    13
   Stab: Distracted        |       |       |     1 ||     1
 Armour: Animal skin       |    21 |       |       ||    21
         Scale mail        |    17 |    62 |   107 ||   186
         Skin              |       |     2 |    25 ||    27
  Dodge: Dodged            |    35 |    64 |    79 ||   178

Table legend: (Time is in decaauts)
 A = Elapsed time spent in this place.
 B = Non-inter-level travel time spent in this place.
 C = Inter-level travel time spent in this place.
 D = Time resting spent in this place.
 E = Time spent auto-exploring this place.
 F = Levels seen in this place.
 G = Mean time per level.
                   A        B        C        D        E       F      G
               +--------+--------+--------+--------+--------+-----+--------+
         Total |   2724 |   2689 |     35 |     22 |   1638 |   9 |  302.7 |
       Dungeon |   2711 |   2676 |     35 |     22 |   1638 |   8 |  338.9 |
        Temple |     12 |     12 |      0 |      0 |      0 |   1 |   12.0 |
               +--------+--------+--------+--------+--------+-----+--------+

Top non-repeatable levels by time:
     D:6: 633 daAuts
     D:4: 593 daAuts
     D:7: 491 daAuts
     D:5: 270 daAuts
     D:2: 259 daAuts
     D:3: 192 daAuts
     D:1: 182 daAuts
     D:8: 87 daAuts
  Temple: 12 daAuts
